 Dungeon Crawl Stone Soup version 0.30-a0-1066-g63dfefce0d (webtiles) character file.

Game seed: 3602768687881154498

126 retardedninja the Trooper (level 5, -10/50 HPs)
             Began as a Naga Fighter on Apr 12, 2023.
             Mangled by a gnoll
             ... wielding a +0 halberd
              (15 damage)
             ... on level 2 of the Dungeon.
             The game lasted 00:01:31 (1446 turns).

retardedninja the Trooper (Naga Fighter)            Turns: 1446, Time: 00:01:31

Health: -10/50     AC:  5    Str: 21    XL:     5   Next: 10%
Magic:  5/5        EV:  7    Int:  8    God:
Gold:   82         SH:  4    Dex: 10    Spells: 4/4 levels left

rFire   . . .      SeeInvis +    a - +0 war axe
rCold   . . .      Faith    .    c - +0 buckler
rNeg    . . .      Spirit   .    b - +0 scale mail
rPois   +          Reflect  .    (no helmet)
rElec   .          Rampage  .    (no cloak)
rCorr   .                        (no gloves)
Will    .....                    (no barding) Stlth
                                 (no amulet)
HPRegen 0.28/turn                (no ring)
MPRegen 0.09/turn                (no ring)

@: very slow
A: AC +1, large, see invisible, deformed body, poison resistance, slowness 2,
spit poison 1, naga tail 1
a: Spit Poison


You were on level 2 of the Dungeon.
You visited 1 branch of the dungeon, and saw 2 of its levels.

You collected 82 gold pieces.

Inventory:

Hand Weapons
 a - a +0 war axe (weapon)
Armour
 b - a +0 scale mail (worn)
 c - a +0 buckler (worn)
Jewellery
 f - a ring of wizardry
Wands
 k - a wand of digging (7)
Scrolls
 g - a scroll of blinking {unknown}
 i - 2 scrolls of fog {unknown}
 j - a scroll of enchant armour {unknown}
 l - a scroll of teleportation {unknown}
Potions
 d - 2 potions of might
 e - a potion of invisibility {unknown}
 h - a potion of haste {unknown}


   Skills:
 + Level 3.8 Fighting
 + Level 3.0 Axes
 + Level 3.1 Armour
 + Level 3.4 Shields


You had 4 spell levels left.
You didn't know any spells.
Your spell library contained the following spells:

 Spells                   Type           Power      Damage    Failure   Level
 Tukima's Dance           Hex            0%         N/A       99%         3
 Passage of Golubria      Tloc           0%         N/A       100%        4
 Yara's Violent Unravell  Hex/Tmut       0%         3d3       100%        5


Dungeon Overview and Level Annotations

Branches:
Dungeon (2/15)

Altars:
Zin


Innate Abilities, Weirdness & Mutations

Your serpentine skin is tough. (AC +1)
You have supernaturally acute eyesight. (SInv)
Armour fits poorly on your strangely shaped body.
Your system is resistant to poisons. (rPois)
You cover ground very slowly.
You can spit poison.
You have a snake-like lower body.


Message History

You kill the dart slug!
You have reached level 5!
You slash the giant cockroach!
You kill the giant cockroach!
You hit the gnoll.
The gnoll is lightly wounded.
The gnoll hits you with a +0 flail. You block the gnoll's attack.
You barely miss the gnoll.
The gnoll is lightly wounded.
The gnoll hits you with a +0 flail. The gnoll barely misses you.
You block the gnoll's attack. The gnoll hits you with a +0 flail.
You slash the gnoll!
The gnoll is severely wounded.
The gnoll hits you with a +0 flail. The gnoll closely misses you.
You hit the gnoll.
You kill the gnoll!
You block the gnoll's attack.
The gnoll hits you but does no damage. x2
Things that are here:
a +0 flail; a +0 whip; a dart slug corpse You slash the gnoll!
The gnoll is heavily wounded.
You block the gnoll's attack.
You hit the gnoll.
The gnoll is severely wounded.
The gnoll hits you with a +0 spear.
* * * LOW HITPOINT WARNING * * *
You hit the gnoll.
The gnoll is almost dead.
You block the gnoll's attack. The gnoll barely misses you.
You barely miss the gnoll.
The gnoll is almost dead.
The gnoll hits you with a +0 spear!
* * * LOW HITPOINT WARNING * * *
You hit the gnoll but do no damage.
The gnoll is almost dead.
The gnoll hits you but does no damage. The gnoll hits you with a +0 spear.
* * * LOW HITPOINT WARNING * * *
The gnoll hits you from afar with a +0 halberd!
You die...

#####.##.##... #......#..#
### #.####.#..# #.+.........
#......#..# #.#..........
##.##.##..# #.#..........#
#......#..# #.#..........#
###..###†.# #.#..........#
#......#..# #.#..........#
.##.##.##..# #@#..........#
...........## #g#..........#
###.........###Jg.wgg)......
#..........##†l.##l8.....8
#........#.#..####††......
#........#.[.## #...>....
#........#>.## .g.g.....
#........#.... .........
#........#................


You could see 2 gnolls, an endoplasm and a frilled lizard.

Vanquished Creatures
  Natasha (D:2)
  A gnoll (D:2)
  3 adders (D:2)
  3 worms (D:2)
  A dart slug (D:2)
  7 ball pythons
  4 endoplasms
  2 giant cockroaches (D:2)
  4 goblins
  2 hobgoblins (D:1)
  7 jackals
  4 kobolds
  3 quokkas (D:1)
  2 bats
  3 frilled lizards
  3 rats
50 creatures vanquished.

Notes
Turn   | Place    | Note
-------+----------+-------------------------------------------
     0 | D:1      | retardedninja the Naga Fighter began the quest for the Orb.
     0 | D:1      | Reached XP level 1. HP: 21/21 MP: 1/1
    83 | D:1      | Reached XP level 2. HP: 19/28 MP: 2/2
   625 | D:1      | Reached XP level 3. HP: 33/34 MP: 3/3
  1158 | D:2      | Reached XP level 4. HP: 34/42 MP: 4/4
  1225 | D:2      | Found a glowing silver altar of Zin.
  1260 | D:2      | Noticed Natasha
  1263 | D:2      | Killed Natasha
  1436 | D:2      | Reached XP level 5. HP: 34/50 MP: 5/5
  1446 | D:2      | Mangled by a gnoll

Illustrated notes

Levels and vault maps discovered:
D:1:      tekkud_arrival_beachfront_property, layout_basic
D:2:      minmay_chambers_of_ones, layout_basic, basic_altar,
          minmay_misc_feat_alley, st_stairs_1, feat_on_display, uniq_natasha

Skill      XL: |  1  2  3  4 |
---------------+-------------+-----
Shields        | 3 |  3.4
Armour         | 3 |  3.1
Axes           | 3 |  3.0
Fighting       | |  3.8

Action                     |  1- 3 |  4- 6 || total
---------------------------+-------+-------++-------
  Melee: War axe           |   102 |    40 ||   142
 Armour: Scale mail        |    61 |    21 ||    82
  Dodge: Dodged            |    45 |    14 ||    59
  Block: Buckler           |    36 |    12 ||    48

Table legend: (Time is in decaauts)
 A = Elapsed time spent in this place.
 B = Non-inter-level travel time spent in this place.
 C = Inter-level travel time spent in this place.
 D = Time resting spent in this place.
 E = Time spent auto-exploring this place.
 F = Levels seen in this place.
 G = Mean time per level.
                   A        B        C        D        E       F      G
               +--------+--------+--------+--------+--------+-----+--------+
         Total |   1866 |   1841 |     25 |      0 |   1492 |   2 |  933.0 |
       Dungeon |   1866 |   1841 |     25 |      0 |   1492 |   2 |  933.0 |
               +--------+--------+--------+--------+--------+-----+--------+

Top non-repeatable levels by time:
     D:1: 1315 daAuts
     D:2: 551 daAuts
